 Dungeon Crawl Stone Soup version 0.21.1-1-g345015f (webtiles) character file.

861 Monsterracer the Grappler (level 7, -6/61 HPs)
             Began as a Minotaur Monk on May 30, 2018.
             Mangled by Pikel
             ... wielding a +2 whip of flaming
              (9 damage)
             ... on level 6 of the Dungeon.
             The game lasted 00:09:59 (5731 turns).

Monsterracer the Grappler (Minotaur Monk)           Turns: 5731, Time: 00:10:00

Health: -6/61      AC:  0    Str: 16    XL:     7   Next: 71%
Magic:  0/6        EV: 14    Int:  7    God:
Gold:   189        SH:  0    Dex: 14    Spells: 6/6 levels left

rFire    . . .     SeeInvis .     - Unarmed
rCold    . . .     Gourm    .   (no shield)
rNeg     . . .     Faith    .   (no armour)
rPois    .         Spirit   +   (helmet restricted)
rElec    .         Reflect  .   (no cloak)
rCorr    .         Harm     .   (no gloves)
MR       .....                  (no boots)
Stlth    ++........             j - amulet of guardian spirit
HPRegen  0.20/turn              (no ring)
MPRegen  0.10/turn              (no ring)

@: vulnerable
A: retaliatory headbutt, horns 2
a: no special abilities


You were on level 6 of the Dungeon.
You were not hungry.

You visited 1 branch of the dungeon, and saw 6 of its levels.

You collected 189 gold pieces.

Inventory:

Jewellery
 g - an uncursed ring of fire
 j - an amulet of guardian spirit (around neck)
 n - an uncursed amulet of the gourmand {unknown}
Wands
 m - a wand of clouds (5)
 r - a wand of digging (13)
Scrolls
 i - a scroll of remove curse
 l - 2 scrolls of teleportation
Potions
 a - a potion of ambrosia {!q}
 b - a potion of flight
 d - a potion of curing
 e - a potion of brilliance
 f - 2 potions of heal wounds {unknown}
 h - a potion of haste {unknown}
 k - a potion of agility {unknown}
 o - a potion of degeneration {unknown}
 q - a potion of invisibility {unknown}
Comestibles
 c - 8 rations
 p - 3 chunks of flesh


   Skills:
 + Level 5.2 Fighting
 + Level 4.8 Dodging
 + Level 3.2 Stealth
 * Level 8.1 Unarmed Combat


You had 6 spell levels left.
You didn't know any spells.

Dungeon Overview and Level Annotations

Branches:
Dungeon (6/15)
 Temple: D:4-7

Altars:
Cheibriados
Elyvilon
Hepliaklqana
Kikubaaqudgha
Makhleb
Qazlal
Sif Muna
Trog

Annotations:
D:6 Pikel


Innate Abilities, Weirdness & Mutations

You reflexively headbutt those who attack you in melee.
You have a pair of horns on your head.


Message History

Magic quickly surges around you.
It was a scroll of vulnerability.
A slave comes into view.
The slave moves out of view.
The slave hits you.
You take 4 damage, and have 52/61 hp.
You hit the slave but do no damage. Your headbutt misses the slave.
The slave hits you.
You take 2 damage, and have 50/61 hp.
You now have 5/6 mp.
You hit the slave. You headbutt the slave!
The slave is severely wounded.
Pikel the Slaver comes into view.
He is wielding a whip of flaming.
Pikel shouts!
You hit the slave but do no damage. You headbutt the slave.
The slave is severely wounded.
The slave barely misses you. You furiously retaliate!
You headbutt the slave. You hit the slave but do no damage.
Your headbutt misses the slave.
The slave is severely wounded.
The slave closely misses you.
Pikel says, "Slavery isn't that bad."
You miss the slave. Your headbutt misses the slave.
The slave is severely wounded.
The slave hits you.
You take 1 damage, and have 49/61 hp.
There is a stone staircase leading up here.
Things that are here:
a dagger; an orc corpse
Things that are here:
a hand axe; an orc corpse MP restored: 6 You closely miss the slave.
The slave is severely wounded.
The slave misses you. You furiously retaliate!
You headbutt the slave, but do no damage.
You hit the slave.
The slave is almost dead.
The slave hits you!
You take 7 damage, and have 44/61 hp.
You now have 5/6 mp.
You barely miss the slave.
The slave is almost dead.
You hit Pikel.
Pikel is lightly wounded.
You hit Pikel but do no damage.
Pikel is lightly wounded.
Pikel hits you with a whip of flaming! Pikel burns you.
You take 12 damage, and have 32/61 hp.
You now have 4/6 mp.
You closely miss Pikel. You headbutt Pikel.
Pikel is moderately wounded.
Pikel barely misses you.
You barely miss Pikel.
Pikel is moderately wounded.
Pikel hits you with a whip of flaming. Pikel burns you.
You take 1 damage, and have 31/61 hp.
You now have 3/6 mp.
You closely miss Pikel. Your headbutt misses Pikel.
Pikel is moderately wounded.
You hit Pikel but do no damage.
Pikel is moderately wounded.
Pikel hits you with a whip of flaming!
* * * LOW HITPOINT WARNING * * *
Pikel burns you.
* * * LOW HITPOINT WARNING * * *
You take 10 damage, and have 22/61 hp.
You now have 2/6 mp.
You hit Pikel but do no damage. You headbutt Pikel!
Pikel is heavily wounded.
Pikel completely misses you. You furiously retaliate!
You headbutt Pikel, but do no damage. You punch Pikel!
Pikel is severely wounded.
Pikel misses you. You furiously retaliate!
You headbutt Pikel. You hit Pikel.
Pikel is almost dead.
Pikel waves his whip at you. Pikel hits you with a whip of flaming.
* * * LOW HITPOINT WARNING * * *
Pikel burns you.
* * * LOW HITPOINT WARNING * * *
You take 3 damage, and have 19/61 hp.
You now have 1/6 mp.
You closely miss Pikel.
Pikel is almost dead.
Pikel hits you with a whip of flaming.
* * * LOW HITPOINT WARNING * * *
Pikel burns you.
* * * LOW HITPOINT WARNING * * *
You take 5 damage, and have 14/61 hp.
You barely miss Pikel.
Pikel is almost dead.
Pikel hits you with a whip of flaming!
* * * LOW HITPOINT WARNING * * *
Pikel burns you.
* * * LOW HITPOINT WARNING * * *
You take 11 damage, and have 3/61 hp.
You now have 0/6 mp.
You hit Pikel.
Pikel is almost dead.
You completely miss Pikel.
Pikel is almost dead.
Pikel barely misses you. You furiously retaliate!
You headbutt Pikel, but do no damage. You barely miss Pikel.
Pikel is almost dead.
Pikel hits you with a whip of flaming!
You die...

#...........####)#
#.......<.)...).[#
#.........))######
#.....p...#)##
#.........#..##
##..#######.#p##
....p.#......#p##
......#......##K##
......#......###@#
..###........# ###
.. ........# ..
........# .#
#..###.#


You could see Pikel and 2 slaves.

Vanquished Creatures
  2 slaves (D:6)
  2 scorpions
  2 vampire bats (D:2)
  A crimson imp (D:4)
  A hound (D:3)
  A centaur skeleton (D:4)
  3 orc wizards
  4 orc priests
  A bullfrog skeleton (D:4)
  Terence (D:3)
  A worker ant (D:4)
  A hound skeleton (D:3)
  8 adders
  8 gnolls
  An ooze (D:2)
  An adder skeleton (D:5)
  2 worms
  2 dart slugs
  A leopard gecko (D:3)
  28 orcs
  6 bats
  3 bat skeletons (D:2)
  3 bat zombies (D:2)
  3 giant cockroaches (D:1)
  10 goblins
  8 hobgoblins
  6 jackals
  6 kobolds
  A ball python (D:1)
  4 frilled lizards
  11 rats
132 creatures vanquished.

Notes
Turn   | Place    | Note
-------+----------+-------------------------------------------
     0 | D:1      | Monsterracer the Minotaur Monk began the quest for the Orb.
     0 | D:1      | Reached XP level 1. HP: 19/19 MP: 0/0
    18 | D:1      | HP: 9/19 [bat (1)]
   380 | D:1      | Reached XP level 2. HP: 24/26 MP: 1/1
   412 | D:1      | HP: 12/26 [kobold/short sword (4)]
   413 | D:1      | Reached skill level 4 in Unarmed Combat
  1229 | D:2      | Found a deep blue altar of Sif Muna.
  1229 | D:2      | Found a white marble altar of Elyvilon.
  1229 | D:2      | Found a snail-covered altar of Cheibriados.
  1230 | D:2      | Found a hazy altar of Hepliaklqana.
  1239 | D:2      | Found a bloodstained altar of Trog.
  1257 | D:2      | Reached XP level 3. HP: 31/31 MP: 2/2
  1497 | D:2      | Reached skill level 5 in Unarmed Combat
  1738 | D:2      | Found an ancient bone altar of Kikubaaqudgha.
  1743 | D:2      | Reached XP level 4. HP: 32/39 MP: 3/3
  1748 | D:2      | Reached skill level 6 in Unarmed Combat
  1748 | D:2      | Reached XP level 5. HP: 34/45 MP: 4/4
  2253 | D:2      | Found a stormy altar of Qazlal.
  2585 | D:3      | HP: 22/46 [orc wizard/dagger (5)]
  2590 | D:3      | HP: 16/46 [orc wizard/dagger (6)]
  2617 | D:3      | HP: 19/46 [orc (1)]
  2699 | D:3      | HP: 23/46 [orc (1)]
  3013 | D:3      | HP: 21/46 [orc priest/club (5)]
  3016 | D:3      | Reached XP level 6. HP: 18/52 MP: 1/5
  3027 | D:3      | HP: 13/52 [orc/mace (6)]
  3271 | D:3      | Found a burning altar of Makhleb.
  3276 | D:3      | Reached skill level 7 in Unarmed Combat
  3502 | D:3      | Noticed Terence
  3506 | D:3      | Killed Terence
  3812 | D:4      | HP: 25/52 [worker ant (5)]
  3817 | D:4      | HP: 19/53 [poisoned by a worker ant]
  3822 | D:4      | HP: 17/53 [poisoned by a worker ant]
  3828 | D:4      | HP: 16/53 [poisoned by a worker ant]
  3836 | D:4      | HP: 15/53 [poisoned by a worker ant]
  4203 | D:4      | Reached XP level 7. HP: 60/60 MP: 6/6
  4521 | D:4      | Found a snail-covered altar of Cheibriados.
  4920 | D:5      | Entered Level 5 of the Dungeon
  4970 | D:5      | HP: 30/60 [crimson imp (4)]
  4977 | D:4      | HP: 26/60 [crimson imp (2)]
  4983 | D:4      | HP: 26/60 [crimson imp (1)]
  4988 | D:4      | HP: 23/60 [crimson imp (2)]
  5185 | D:5      | Reached skill level 5 in Fighting
  5187 | D:5      | Reached skill level 8 in Unarmed Combat
  5346 | D:6      | HP: 29/61 [slave[Pikel] (5)]
  5353 | D:6      | HP: 22/61 [gnoll/spear (1)]
  5359 | D:6      | HP: 19/61 [slave[Pikel] (1)]
  5703 | D:6      | Noticed Pikel
  5723 | D:6      | HP: 24/61 [Pikel/whip of flaming (8)]
  5728 | D:6      | HP: 7/61 [Pikel/whip of flaming (8)]
  5728 | D:6      | HP: 3/61 [Pikel/whip of flaming (4)]
  5731 | D:6      | Mangled by Pikel

Skill      XL: |  1  2  3  4  5  6  7 |
---------------+----------------------+-----
Unarmed Combat | 4 5 6 7 8 |  8.1
Stealth        | 2 3 |  3.2
Fighting       | 4 5 |  5.2
Dodging        | 4 |  4.8

Action                   |  1- 3 |  4- 6 |  7- 9 || total
-------------------------+-------+-------+-------++-------
Melee: Unarmed           |    77 |   159 |   123 ||   359
       Headbutt          |    13 |    30 |    24 ||    67
       Punch             |       |     3 |     4 ||     7
  Use: Scroll            |       |     8 |     4 ||    12
 Stab: Sleeping          |     3 |     4 |     1 ||     8
  Eat: Chunk             |     2 |     8 |     5 ||    15
Dodge: Dodged            |    65 |    81 |    60 ||   206

Vault maps used:
D:1:      minmay_arrival_four_houses, minivault_25, st_stairs_12
D:2:      nicolae_overflow_hidden_temple, chequers_temple_overflow_minitemple,
          kennysheep_vampire_church
D:3:      makhleb_heckhound_becter, uniq_terence
D:4:      first_ration, kennysheep_slug_shrine
D:5:      basic_altar, hangedman_decor_growths
D:6:      lemuel_coloured_pillars_altar, minmay_temple_entry_grid, st_stairs_4,
          minmay_guarded_unrand_vampires_tooth, uniq_pikel
